 Dungeon Crawl Stone Soup version 0.20.1-1-g8b1a95d (webtiles) character file.

2865 Inarius the Merchant of Misery (level 9, 0/71 HPs)
             Began as a Hill Orc Necromancer on July 4, 2017.
             Was a Believer of Kikubaaqudgha.
             Slain by Maurice the basilisk (8 damage)
             ... on level 9 of the Dungeon.
             The game lasted 00:39:51 (8407 turns).

Inarius the Merchant of Misery (HONe)               Turns: 8407, Time: 00:39:53

Health: 0/71       AC: 13    Str: 11    XL:     9   Next: 75%
Magic:  17/24      EV:  2    Int: 18    God:    Kikubaaqudgha [**....]
Gold:   328        SH:  0    Dex: 17    Spells: 0/16 levels left

rFire    . . .     SeeInvis +   g - +2 whip (pain)
rCold    + . .     Gourm    .   (no shield)
rNeg     + + +     Faith    .   k - +1 ring mail {rC+}
rPois    ∞         Spirit   .   q - +0 helmet {SInv}
rElec    .         Reflect  .   K - +2 cloak
rCorr    .         Harm     .   J - +0 pair of gloves
MR       .....                  r - +0 pair of boots
Stlth    +.........             (no amulet)
Regen    0.3/turn               y - +6 ring of dexterity
MPRegen  0.2/turn               u - ring of magical power

@: petrified
A: no striking features
a: Receive Corpses, Renounce Religion


You were on level 9 of the Dungeon.
You worshipped Kikubaaqudgha.
Kikubaaqudgha was pleased with you.
You were not hungry.

You visited 2 branches of the dungeon, and saw 10 of its levels.
You also visited: Sewer.

You collected 364 gold pieces.
You spent 36 gold pieces at shops.

Inventory:

Hand Weapons
 g - a +2 whip of pain (weapon)
Armour
 k - a +1 ring mail of cold resistance (worn)
 o - a scarf of cloud immunity
 q - a +0 helmet of see invisible (worn)
 r - a +0 pair of boots (worn)
 C - a +3 chain mail
 J - a +0 pair of gloves (worn)
 K - a +2 cloak (worn)
Jewellery
 m - an uncursed ring of protection from magic
 u - a ring of magical power (right hand)
 y - a +6 ring of dexterity (left hand)
 H - an uncursed ring of positive energy
 M - a +3 ring of evasion {unknown}
Wands
 d - a wand of polymorph (1/24)
Scrolls
 i - 6 scrolls of remove curse
 j - 5 scrolls of fear
 t - 2 scrolls of identify
 w - 2 scrolls of enchant armour
 A - 2 scrolls of immolation {unknown}
 E - a scroll of recharging {unknown}
 I - a scroll of silence {unknown}
Potions
 a - 2 potions of lignification
 e - a potion of magic
 n - a potion of degeneration {unknown}
 s - 2 potions of cancellation {unknown}
 v - 3 potions of curing
 x - a potion of mutation {unknown}
 z - a potion of might {unknown}
 B - 2 potions of flight {unknown}
 D - a potion of haste {unknown}
 L - a potion of heal wounds {unknown}
Books
 b - a book of Necromancy

   Spells                             Type                      Level
   a - Pain                           Necromancy                   1
   b - Animate Skeleton               Necromancy                   1
   c - Vampiric Draining              Necromancy                   3
   d - Regeneration                   Charms/Necromancy            3
   e - Animate Dead                   Necromancy                   4
   f - Control Undead                 Necromancy                   4
 F - Kikubaaqudgha's Almanac of Necromancy
   (Kikubaaqudgha gifted it to you on level 6 of the Dungeon)

   Spells                             Type                      Level
   a - Animate Skeleton               Necromancy                   1
   b - Corpse Rot                     Necromancy                   2
   c - Sublimation of Blood           Necromancy                   2
   d - Regeneration                   Charms/Necromancy            3
   e - Control Undead                 Necromancy                   4
Comestibles
 c - 5 bread rations
 f - 3 royal jellies
 h - 7 fruits
 l - a chunk of flesh
 p - 4 meat rations


   Skills:
 + Level 4.0 Fighting
 + Level 2.9 Maces & Flails
 + Level 4.2 Armour
 + Level 2.4 Dodging
 - Level 1.5 Stealth
 - Level 4.1 Spellcasting
 + Level 1.5 Charms
 * Level 10.3 Necromancy
 + Level 2.2 Evocations


You couldn't memorise any spells.
You knew the following spells:

 Your Spells              Type           Power        Failure   Level  Hunger
a - Pain                  Necr           ####         1%          1    None
b - Animate Skeleton      Necr           N/A          1%          1    None
c - Regeneration          Chrm/Necr      ####......   9%          3    ###....
d - Control Undead        Necr           #####.....   4%          4    ####...
e - Vampiric Draining     Necr           #####.....   1%          3    ###....
f - Animate Dead          Necr           N/A          4%          4    ####...


Dungeon Overview and Level Annotations

Branches:
Dungeon (8/15)             Temple (1/1) D:4            Lair (0/6) D:8

Altars:
Ashenzari
Cheibriados
Dithmenos
Elyvilon
Fedhas
Gozag
Kikubaaqudgha
Makhleb
Nemelex Xobeh
Ru
Sif Muna
Trog
Uskayaw
Vehumet
Xom
Yredelemnul
Zin
The Shining One

Shops:
D:4 *

Annotations:
D:9 Maurice


Message History

Maurice bites you.
The centaur hits you but does no damage.
The centaur hits you. Maurice bites you!
* * * LOW HITPOINT WARNING * * *
The centaur hits you.
The centaur hits you but does no damage.
Maurice bites you!
* * * LOW HITPOINT WARNING * * *
The centaur hits you but does no damage.
Maurice bites you.
* * * LOW HITPOINT WARNING * * *
The centaur hits you but does no damage.
The centaur hits you!
* * * LOW HITPOINT WARNING * * *
Maurice gazes at you. You resist with some effort.
The centaur hits you but does no damage.
Maurice bites you!
You die...
Kikubaaqudgha rasps: "You have failed me!
Welcome... oblivion!"

##...................##
##...................##
##...................##
#.....................#
...?...................#
..............#######...#
..............8...>_#....
......(c(.(...####### ..
.......l@............
................#....
....)..###.....## ..
......# ##...## ......
#..## ...... #...# ......
.....# ... ...


You could see Maurice the basilisk and a centaur.

Vanquished Creatures
  A komodo dragon (D:8)
  Eustachio (D:4)
  Purgy (Sewer)
  An orc warrior (D:6)
  A sky beast (D:5)
  A phantom (D:7)
  4 ogres
  2 centaurs
  3 bullfrogs
  A crimson imp (D:7)
  3 centaur zombies
  2 hounds
  2 centaur skeletons
  A jelly (D:4)
  5 orc priests
  4 iguanas
  Jessica (D:3)
  5 orc wizards
  4 worker ants
  Robin (D:3)
  4 gnolls (D:6)
  A howler monkey skeleton (D:3)
  8 adders
  A shadow imp (D:7)
  An ooze (D:2)
  An adder skeleton (D:5)
  A worm (D:4)
  3 dart slugs
  A leopard gecko (D:4)
  30 orcs
  5 ball pythons
  3 bats
  12 giant cockroaches
  15 goblins
  13 hobgoblins
  9 jackals
  A quokka (D:4)
  7 frilled lizards
  6 kobolds
  4 rats
170 creatures vanquished.

Vanquished Creatures (collateral kills)
  The ghost of miragecloak the Basher, a novice FoAK of Lugonu (D:8)
  A water moccasin (D:7)
  An ice beast (D:7)
  A bullfrog (D:8)
  A water moccasin skeleton (D:7)
  A centaur zombie (D:7)
  A jelly (D:8)
  Crazy Yiuf (D:6)
  An orc wizard (D:7)
  3 worker ants
  An adder (D:8)
  A shadow imp (D:6)
  An adder skeleton (D:5)
  A leopard gecko (D:4)
  3 orcs
  2 ball pythons
  A giant cockroach (D:5)
  2 hobgoblins (D:1)
  4 frilled lizards
  A jackal zombie (D:5)
  2 kobolds (D:3)
31 creatures vanquished.

Vanquished Creatures (others)
  A plant (D:8)
1 creature vanquished.

Grand Total: 202 creatures vanquished

Notes
Turn   | Place    | Note
-------+----------+-------------------------------------------
     0 | D:1      | Inarius the Hill Orc Necromancer began the quest for the Orb.
     0 | D:1      | Reached XP level 1. HP: 14/14 MP: 3/3
    68 | D:1      | Learned a level 1 spell: Animate Skeleton
   273 | D:1      | Reached skill level 1 in Armour
   359 | D:1      | Reached XP level 2. HP: 20/20 MP: 2/4
   641 | D:1      | You fall through a shaft!
   752 | D:1      | Reached XP level 3. HP: 23/26 MP: 0/5
   757 | D:1      | Learned a level 3 spell: Regeneration
  1565 | D:2      | Found a radiant altar of Vehumet.
  1794 | D:3      | Reached skill level 1 in Fighting
  1794 | D:3      | Reached XP level 4. HP: 35/35 MP: 6/6
  1907 | D:3      | Reached skill level 1 in Charms
  1918 | D:3      | Reached skill level 1 in Maces & Flails
  2517 | D:3      | Reached XP level 5. HP: 38/41 MP: 4/8
  2710 | D:3      | Noticed a two-headed ogre
  2913 | D:3      | Noticed Robin
  2920 | D:3      | Noticed Jessica
  2928 | D:3      | Killed Robin
  2951 | D:3      | Killed Jessica
  3046 | D:4      | Noticed Eustachio
  3170 | D:4      | Killed Eustachio
  3170 | D:4      | Reached skill level 5 in Necromancy
  3170 | D:4      | Reached XP level 6. HP: 31/51 MP: 3/9
  3219 | D:4      | Found a glowing drain.
  3237 | Sewer    | Entered a sewer
  3300 | Sewer    | Noticed Purgy
  3321 | Sewer    | Killed Purgy
  3321 | Sewer    | Reached XP level 7. HP: 32/57 MP: 6/10
  3467 | D:4      | Found a sacrificial altar of Ru.
  3473 | D:4      | Learned a level 4 spell: Control Undead
  3515 | D:4      | Found a white marble altar of Elyvilon.
  3647 | D:4      | Found a blossoming altar of Fedhas.
  3746 | D:4      | Found a basalt altar of Yredelemnul.
  3876 | D:4      | Reached skill level 6 in Necromancy
  4083 | D:4      | Found a staircase to the Ecumenical Temple.
  4093 | Temple   | Entered the Ecumenical Temple
  4108 | Temple   | Became a worshipper of Kikubaaqudgha
  4129 | D:4      | Found Caziomarr's General Store.
  4137 | D:4      | Bought a potion of curing for 36 gold pieces
  4197 | D:4      | Noticed a hungry ghost
  4543 | D:3      | Found a burning altar of Makhleb.
  4855 | D:5      | Entered Level 5 of the Dungeon
  4867 | D:5      | Found an opulent altar of Gozag.
  5495 | D:4      | Learned a level 3 spell: Vampiric Draining
  5501 | D:5      | Reached XP level 8. HP: 38/63 MP: 7/12
  5814 | D:5      | Reached skill level 7 in Necromancy
  6212 | D:6      | Reached * piety under Kikubaaqudgha
  6212 | D:6      | Identified Kikubaaqudgha's Almanac of Necromancy (Kikubaaqudgha gifted it to you on level 6 of the Dungeon)
  6212 | D:6      | Received a gift from Kikubaaqudgha
  6428 | D:6      | Found a shadowy altar of Dithmenos.
  6444 | D:6      | Reached skill level 1 in Evocations
  6493 | D:6      | You fall through a shaft!
  6574 | D:7      | Found a bloodstained altar of Trog.
  6677 | D:7      | Reached skill level 8 in Necromancy
  6931 | D:7      | Reached XP level 9. HP: 64/71 MP: 14/15
  6953 | D:6      | Learned a level 4 spell: Animate Dead
  7305 | D:6      | Reached skill level 9 in Necromancy
  7450 | D:6      | Found a runed door.
  7454 | D:6      | Noticed Crazy Yiuf
  7464 | D:6      | Killed Crazy Yiuf
  7575 | D:7      | Reached ** piety under Kikubaaqudgha
  7920 | D:8      | Found a staircase to the Lair.
  7921 | D:8      | Noticed a komodo dragon
  7946 | D:8      | Killed a komodo dragon
  7963 | D:8      | Noticed miragecloak's ghost (novice FoAK)
  7979 | D:8      | Killed miragecloak's ghost
  7979 | D:8      | Reached skill level 10 in Necromancy
  8134 | D:8      | You fall through a shaft!
  8134 | D:9      | Noticed Maurice
  8138 | D:9      | Noticed a two-headed ogre
  8147 | D:9      | Found a deep blue altar of Sif Muna.
  8382 | D:9      | Noticed Maurice
  8382 | D:9      | Maurice changed into Maurice the basilisk
  8407 | D:9      | Slain by Maurice the basilisk

Skill      XL: |  1  2  3  4  5  6  7  8  9 |
---------------+----------------------------+-----
Armour         | 1 2 3 4 |  4.2
Fighting       | 1 3 4 |  4.0
Spellcasting   | 2 3 4 |  4.1
Charms         | 1 |  1.5
Maces & Flails | 1 2 |  2.9
Necromancy     | 5 6 8 10 | 10.3
Dodging        | 2 |  2.4
Evocations     | 1 2 |  2.2
Stealth        | |  1.5

Action                   |  1- 3 |  4- 6 |  7- 9 || total
-------------------------+-------+-------+-------++-------
Melee: Whip              |    71 |   203 |   247 ||   521
 Cast: Pain              |    24 |    33 |    87 ||   144
       Animate Skeleton  |    18 |    18 |    33 ||    69
       Regeneration      |     1 |     4 |     8 ||    13
       Control Undead    |       |       |    31 ||    31
       Vampiric Draining |       |       |    15 ||    15
       Animate Dead      |       |       |     2 ||     2
Evoke: Wand              |       |       |     1 ||     1
  Use: Scroll            |     2 |     4 |     5 ||    11
       Potion            |       |     5 |     2 ||     7
 Stab: Sleeping          |     1 |       |       ||     1
       Distracted        |       |     1 |     1 ||     2
  Eat: Chunk             |     4 |     7 |    15 ||    26
       Bread ration      |       |       |     3 ||     3
Armor: Robe              |     2 |       |       ||     2
       Ring mail         |    16 |    94 |   137 ||   247
       Skin              |       |    44 |       ||    44
Dodge: Dodged            |    48 |   104 |   159 ||   311
